 Dungeon Crawl Stone Soup version 0.20.0-10-g0535bb4 (webtiles) character file.

5371 roguesci the Magician (level 10, -2/83 HPs)
             Began as a Yellow Draconian Ice Elementalist on June 3, 2017.
             Was an Initiate of Gozag.
             Slain by a two-headed ogre
             ... wielding a +0 dire flail
              (12 damage)
             ... on level 9 of the Dungeon.
             The game lasted 00:35:47 (11296 turns).

roguesci the Magician (DrIE)                       Turns: 11296, Time: 00:35:48

Health: -2/83      AC:  9    Str:  9    XL:     10   Next: 39%
Magic:  21/21      EV: 17    Int: 19    God:    Gozag
Gold:   444        SH:  0    Dex: 19    Spells: 19/23 levels left

rFire    x . .     SeeInvis .   H - +9 long sword of the Globe {drain, rElec rF- rN+++ Str-2}
rCold    + . .     Gourm    .   (no shield)
rNeg     + + +     Faith    .   (armour unavailable)
rPois    .         Spirit   .   (helmet restricted)
rElec    +         Reflect  .   D - +0 cloak
rCorr    +         Harm     .   x - +0 pair of gloves
MR       .....                  (no boots)
Stlth    +++.......             o - amulet of regeneration
Regen    0.7/turn               j - ring of protection from cold
MPRegen  0.2/turn               A - +6 ring of dexterity

@: short of breath, gold aura
A: spit acid, acid resistance, unfitting armour, big wings, fangs 1, hooves 1,
stinger 1, agile 1, wild magic 1, evolution 1, cold-blooded, AC +7
a: Breathe Acid, Fly, Potion Petition, Call Merchant, Bribe Branch, Renounce
Religion


You were on level 9 of the Dungeon.
You worshipped Gozag.
Gozag was aware of your devotion.
You were not hungry.

You visited 2 branches of the dungeon, and saw 10 of its levels.
You also visited: Sewer.

You collected 601 gold pieces.
You paid 157 gold pieces to Gozag.

Inventory:

Hand Weapons
 m - a +2 dagger of venom
 E - a +2 flail of holy wrath
 H - the +9 long sword of the Globe (weapon) {drain, rElec rF- rN+++ Str-2}
   (You found it on level 8 of the Dungeon)

   A truly terrible weapon, it drains the life of those it strikes.
   It affects your strength (-2).
   It makes you vulnerable to fire.
   It insulates you from electricity.
   It renders you almost immune to negative energy.
Missiles
 c - 208 stones (quivered)
Armour
 x - a +0 pair of gloves (worn)
 D - a +0 cloak (worn)
Jewellery
 j - a ring of protection from cold (left hand)
 o - an amulet of regeneration (around neck)
 r - an uncursed ring of protection from cold
 A - a +6 ring of dexterity (right hand)
Wands
 l - a wand of lightning (6/15)
 s - a wand of polymorph (18/24)
 z - a wand of flame (10/48)
 C - a wand of flame (14/48)
 F - a wand of iceblast (4/15)
 I - a wand of digging (2/24)
Scrolls
 d - 3 scrolls of amnesia
 e - a scroll of fear {unknown}
 h - 2 scrolls of immolation {unknown}
 i - 5 scrolls of teleportation {unknown}
 k - 5 scrolls of remove curse {unknown}
 p - 3 scrolls of recharging
 q - 3 scrolls of identify
 u - a scroll of enchant weapon {unknown}
 w - 2 scrolls of fog {unknown}
 y - 3 scrolls of magic mapping {unknown}
Potions
 n - 2 potions of invisibility
 t - a potion of might {unknown}
 v - a potion of ambrosia {unknown}
Books
 a - a book of Frost

   Spells                             Type                      Level
   a - Freeze                         Ice                          1
   b - Throw Frost                    Conjuration/Ice              2
   c - Ozocubu's Armour               Charms/Ice                   3
   d - Throw Icicle                   Conjuration/Ice              4
   e - Summon Ice Beast               Ice/Summoning                4
Comestibles
 b - 4 bread rations
 g - 7 meat rations
 G - a royal jelly


   Skills:
 + Level 6.2 Fighting
 * Level 1.8 Long Blades
 * Level 6.9 Dodging
 + Level 5.6 Stealth
 * Level 7.4 Spellcasting
   Level 1.0 Conjurations
 + Level 4.8 Charms
 + Level 6.2 Ice Magic


You had 19 spell levels left.
You knew the following spells:

 Your Spells              Type           Power        Failure   Level  Hunger
a - Freeze                Ice            ####         1%          1    None
b - Ozocubu's Armour      Chrm/Ice       #####...     5%          3    #......


Dungeon Overview and Level Annotations

Branches:
Dungeon (9/15)             Temple (1/1) D:7            Lair (0/6) D:8
    Orc (0/2) D:9

Altars:
Ashenzari
Cheibriados
Dithmenos
Elyvilon
Fedhas
Gozag
Hepliaklqana
Kikubaaqudgha
Makhleb
Nemelex Xobeh
Okawaru
Qazlal
Ru
Sif Muna
Trog
Uskayaw
Vehumet
Xom
Yredelemnul
Zin
The Shining One
Beogh


Innate Abilities, Weirdness & Mutations

You can spit globs of acid.
You are resistant to acid.
Your golden yellow scales are hard. (AC +7)
You cannot fit into any form of body armour.
You are cold-blooded and may be slowed by cold attacks.
Your large and strong wings let you fly indefinitely.
You have very sharp teeth.
You have large cloven feet.
Your tail ends in a poisonous barb.
You are agile. (Dex +2)
Your spells are a little harder to cast, but a little more powerful.
You evolve.


Message History

You hit the two-headed ogre. You drain the two-headed ogre!
You bite the two-headed ogre, but do no damage.
The two-headed ogre is almost dead.
The sky beast flickers out of sight!
Deactivating autopickup; reactivate with Ctrl-A.
Something completely misses you.
The two-headed ogre hits you with a dire flail!
* * * LOW HITPOINT WARNING * * *
The two-headed ogre barely misses you.
You hit the two-headed ogre.
You kick the two-headed ogre, but do no damage.
The two-headed ogre is almost dead.
Something hits you.
* * * LOW HITPOINT WARNING * * *
Something shocks you. You resist.
* * * LOW HITPOINT WARNING * * *
The two-headed ogre barely misses you.
The two-headed ogre hits you with a giant club!
You die...
Your body crumbles into a pile of gold.

#........................# ..
#.........................
....###'#+##.................#
...........#.................#
#######....+.................#
......'....#$................#
......##...#.....$...........#
.......#...#.....O.........###
.......#...#....@{.........#
.>.....#.###...../.........#
.......#.#.................#
[.[8#..#.+....###########..+
#'###..# #....# .. ..[.####
#.... ....# #.. ._..# #..
....#


You could see a two-headed ogre.

Vanquished Creatures
  A two-headed ogre (D:8)
  A centaur skeleton (D:9)
  A hornet (D:9)
  A hippogriff (D:8)
  Sigmund (D:7)
  Edmund (D:7)
  3 orc warriors
  An ice beast (D:6)
  A black bear (D:6)
  4 sky beasts
  7 necrophages
  3 ogres
  A phantom (D:4)
  3 centaurs
  A crocodile (D:8)
  2 bullfrogs (D:7)
  A scorpion (D:6)
  3 wights (D:8)
  A centaur zombie (D:5)
  4 hounds
  A bullfrog zombie (D:6)
  2 jellies
  3 bullfrog skeletons
  5 orc priests
  8 orc wizards
  2 gnoll shamans
  2 iguanas
  6 worker ants
  A killer bee zombie (D:9)
  2 worker ant zombies
  15 gnolls
  10 adders
  2 river rats (D:3)
  3 shadow imps
  3 oozes (Sewer)
  3 adder zombies
  6 worms
  A dart slug (D:1)
  6 leopard geckos
  19 orcs
  4 ball pythons
  6 giant cockroaches
  5 goblins
  5 hobgoblins
  13 jackals
  10 kobolds
  5 quokkas
  22 bats
  7 frilled lizards
  A quokka skeleton (D:7)
  A quokka zombie (D:6)
  6 rats
226 creatures vanquished.

Vanquished Creatures (others)
  A bush (D:6)
  6 plants (D:6)
7 creatures vanquished.

Grand Total: 233 creatures vanquished

Notes
Turn   | Place    | Note
-------+----------+-------------------------------------------
     0 | D:1      | roguesci the Draconian Ice Elementalist began the quest for the Orb.
     0 | D:1      | Reached XP level 1. HP: 14/14 MP: 3/3
   323 | D:1      | Reached skill level 1 in Fighting
   323 | D:1      | Reached XP level 2. HP: 18/23 MP: 0/5
  1276 | D:1      | Reached XP level 3. HP: 29/29 MP: 2/6
  1301 | D:1      | Learned a level 3 spell: Ozocubu's Armour
  2205 | D:2      | Reached XP level 4. HP: 32/36 MP: 3/7
  2727 | D:3      | Reached skill level 1 in Charms
  3008 | D:3      | Reached XP level 5. HP: 37/42 MP: 6/8
  3165 | D:3      | Found a glowing drain.
  3216 | Sewer    | Entered a sewer
  3655 | Sewer    | Gained mutation: Scrolls take you a little longer to read. [potion of mutation]
  3655 | Sewer    | Lost mutation: Scrolls take you a little longer to read. [potion of mutation]
  3655 | Sewer    | Gained mutation: Your spells are a little harder to cast, but a little more powerful. [potion of mutation]
  4378 | D:4      | Noticed an ogre
  4389 | D:4      | Killed an ogre
  4389 | D:4      | Reached skill level 3 in Spellcasting
  4389 | D:4      | Reached XP level 6. HP: 30/51 MP: 2/10
  4766 | D:4      | HP: 2/51 [gnoll/spear (5)]
  5225 | D:4      | Your scales start taking on a golden yellow colour.
  5225 | D:4      | Reached XP level 7. HP: 55/57 MP: 12/12
  5882 | D:5      | Entered Level 5 of the Dungeon
  5912 | D:5      | Reached skill level 4 in Spellcasting
  5935 | D:5      | Gained mutation: You have large cloven feet. [mutagenic meat]
  5936 | D:5      | Gained mutation: You evolve. [mutagenic meat]
  5937 | D:5      | Lost mutation: Your spells are a little harder to cast, but a little more powerful. [mutagenic meat]
  5938 | D:5      | Gained mutation: Your tail ends in a poisonous barb. [mutagenic meat]
  6224 | D:5      | Reached XP level 8. HP: 49/66 MP: 14/14
  7839 | D:6      | Found a blossoming altar of Fedhas.
  7981 | D:6      | Reached skill level 5 in Spellcasting
  7982 | D:6      | Gained mutation: Your large and strong wings let you fly indefinitely. [mutagenic meat]
  7983 | D:6      | Gained mutation: You have very sharp teeth. [mutagenic meat]
  7984 | D:6      | Gained mutation: Your spells are a little harder to cast, but a little more powerful. [mutagenic meat]
  7987 | D:6      | Gained mutation: You are agile. (Dex +2) [mutagenic meat]
  8164 | D:6      | Reached skill level 5 in Dodging
  8406 | D:6      | Reached skill level 5 in Ice Magic
  8414 | D:6      | Reached skill level 5 in Fighting
  8675 | D:6      | Reached XP level 9. HP: 61/73 MP: 17/17
  8837 | D:7      | Reached skill level 6 in Spellcasting
  9054 | D:7      | Found a staircase to the Ecumenical Temple.
  9270 | D:7      | Noticed Edmund
  9287 | D:7      | Killed Edmund
  9320 | D:7      | Noticed Sigmund
  9329 | D:7      | Killed Sigmund
  9587 | D:8      | Found a staircase to the Lair.
  9661 | D:8      | Noticed a two-headed ogre
  9694 | D:8      | Killed a two-headed ogre
  9694 | D:8      | Reached skill level 5 in Stealth
  9694 | D:8      | Reached XP level 10. HP: 12/83 MP: 16/20
 10028 | D:8      | Reached skill level 7 in Spellcasting
 10062 | D:8      | Found a radiant altar of Vehumet.
 10250 | D:8      | Got a brightly glowing long sword
 10251 | D:8      | Identified the +9 long sword of the Globe {drain, rElec rF- rN+++ Str-2} (You found it on level 8 of the Dungeon)
 10720 | Temple   | Entered the Ecumenical Temple
 10916 | Temple   | Became a worshipper of Gozag Ym Sagoz the Greedy
 11016 | D:9      | Reached skill level 1 in Long Blades
 11027 | D:9      | Found a staircase to the Orcish Mines.
 11031 | D:9      | Found a roughly hewn altar of Beogh.
 11058 | D:9      | HP: 4/83 [orc warrior/dire flail of protection (17)]
 11279 | D:9      | Noticed a two-headed ogre
 11296 | D:9      | Slain by a two-headed ogre

Skill      XL: |  1  2  3  4  5  6  7  8  9 10 |
---------------+-------------------------------+-----
Fighting       | 1 2 3 4 5 6 |  6.2
Stealth        | 2 3 4 5 |  5.6
Dodging        | 2 3 4 5 6 |  6.9
Charms         | 1 2 3 4 |  4.8
Spellcasting   | 3 4 5 6 7 |  7.4
Ice Magic      | 4 5 6 |  6.2
Long Blades    | 1 |  1.8
Conjurations   | |  1.0

Action                   |  1- 3 |  4- 6 |  7- 9 | 10-12 || total
-------------------------+-------+-------+-------+-------++-------
Melee: Unarmed           |   162 |       |       |       ||   162
       Tailslap          |    10 |    29 |    77 |    22 ||   138
       Dagger            |    12 |   354 |   440 |    58 ||   864
       Kick              |       |       |   130 |    49 ||   179
       Bite              |       |       |    35 |    18 ||    53
       Flail             |       |       |    12 |       ||    12
       Long sword        |       |       |       |    57 ||    57
Throw: Stone             |    12 |    23 |     2 |       ||    37
 Cast: Freeze            |    31 |     4 |    28 |     1 ||    64
       Ozocubu's Armour  |     2 |    12 |    12 |     3 ||    29
 Abil: Breathe Acid      |       |       |     8 |     2 ||    10
  Use: Potion            |     1 |     8 |     1 |     1 ||    11
       Scroll            |       |     2 |       |     2 ||     4
 Stab: Sleeping          |     2 |     2 |     4 |     3 ||    11
  Eat: Chunk             |     5 |    13 |    18 |     1 ||    37
       Royal jelly       |       |       |     2 |       ||     2
       Meat ration       |       |       |     1 |       ||     1
       Fruit             |       |       |       |     7 ||     7
Armor: Skin              |    95 |   151 |   149 |    27 ||   422
Dodge: Dodged            |   170 |   292 |   295 |    90 ||   847
       Rpst.: Long sword |       |       |       |    24 ||    24
